 Dungeon Crawl Stone Soup version 0.30-a0-760-g5a9884bb7c (webtiles) character file.

Game seed: 3124046229767530641

63 sanka the Insei (level 3, -6/32 (33) HPs)
             Began as a Draconian Monk on Feb 10, 2023.
             Succumbed to Jessica's poison
             ... on level 2 of the Dungeon.
             The game lasted 00:02:10 (1490 turns).

sanka the Insei (Draconian Monk)                    Turns: 1490, Time: 00:02:10

HP:   -6/32 (33)    AC:  6    Str: 13    XL:     3   Next: 89%
MP:   3/3           EV: 12    Int: 12    God:
Gold: 73            SH:  0    Dex: 13    Spells: 2/2 levels left

rFire   . . .      SeeInvis .      - Unarmed
rCold   . . .      Faith    .    (no shield)
rNeg    . . .      Spirit   .    (body armour unavailable)
rPois   .          Reflect  .    o - +1 hat
rElec   .          Harm     .    (no cloak)
rCorr   .          Rampage  .    (no gloves)
Will    .....                    (no boots)
Stlth   ++                       (no amulet)
HPRegen 0.25/turn                (no ring)
MPRegen 0.08/turn                (no ring)

@: lethally poisoned (-6 -> -37), lightly drained
A: AC +5, unfitting armour, cold-blooded
a: no special abilities


You were on level 2 of the Dungeon.
You visited 1 branch of the dungeon, and saw 2 of its levels.

You collected 73 gold pieces.


Innate Abilities, Weirdness & Mutations

Your plain brown scales are hard. (AC +5)
You cannot fit into any form of body armour.
You are cold-blooded and may be slowed by cold attacks.


   Skills:
 - Level 4.0 Fighting
 - Level 2.6 Dodging
 - Level 1.7 Stealth
 + Level 4.4 Unarmed Combat


You had 2 spell levels left.
You didn't know any spells.
Your spell library contained the following spells:

 Spells                   Type           Power      Damage    Failure   Level
 Vhi's Electric Charge    Tloc/Air       0%         N/A       69%         3
 Arcjolt                  Conj/Air       0%         1d10      100%        5
 Maxwell's Capacitive Co  Air            0%         ∞         100%        8

Inventory:

Armour
 o - a +1 hat (worn)
Magical Staves
 h - a staff of death
 j - a staff of cold
Scrolls
 c - a scroll of fear {unknown}
 e - a scroll of enchant weapon {unknown}
 f - a scroll of silence {unknown}
 i - a scroll of blinking {unknown}
 k - 2 scrolls of identify {unknown}
Potions
 a - a potion of ambrosia
 b - a potion of might {unknown}
 d - a potion of brilliance {unknown}
 g - 2 potions of resistance {unknown}
 l - a potion of berserk rage {unknown}
 m - a potion of flight {unknown}
 n - a potion of curing {unknown}

Dungeon Overview and Level Annotations

Branches:
Dungeon (2/15)

Altars:

Annotations:
D:2 Jessica

.... ▒... ▒ ..g ▒▒....
▒▒▒▒▒▒▒ .. ▒▒▒▒.
▒.....▒ . ▒.. ▒.....▒
▒▒.▒▒▒▒ ▒.....▒
▒.....▒▒▒▒▒ ▒......
▒...g.....▒▒▒▒ ▒▒▒▒▒..
▒..................)..
▒...@d....▒▒▒▒▒▒▒▒▒▒..
▒............. .......
▒▒▒▒▒....▒.▒▒▒ ▒▒▒▒▒..
▒▒▒....▒ ▒▒▒ ▒▒...▒ ▒
▒...▒ ▒ ▒...▒ ▒
▒...▒▒▒▒▒ ▒▒
▒▒▒▒▒▒▒▒▒▒........▒
▒▒.


You could see Jessica (fast) and a goblin.


Message History

Jessica is nearby!
Jessica is nearby!
Jessica is nearby!
Jessica shouts!
You hear a shout!
Jessica hits you with a +4 dagger of venom.
You are poisoned.
A goblin comes into view. It is wielding a +0 dagger.
You barely miss Jessica.
You feel sick.
Jessica drinks a potion.
Jessica seems to speed up.
You barely miss Jessica.
Jessica hits you with a +4 dagger of venom!
You are more poisoned.
You closely miss Jessica.
* * * LOW HITPOINT WARNING * * *
You feel very sick. Jessica says, "Why did you come here?"
Jessica casts a spell.
Jessica blinks!
Unknown command.
You feel very sick.
You closely miss Jessica.
You feel sick.
Jessica hits you with a +4 dagger of venom!
* * * LOW HITPOINT WARNING * * *
You are more poisoned.
You barely miss Jessica.
You die...

Action                     || total
---------------------------++-------
  Melee: Unarmed           ||    96
         Tailslap          ||     7
   Stab: Sleeping          ||     9
 Armour: Skin              ||    21
  Dodge: Dodged            ||    38

Levels and vault maps discovered:
D:1:      minmay_arrival_loop, layout_basic, basic_ecumenical_altar
D:2:      layout_basic, minmay_quantized, uniq_jessica, uniq_robin

Notes
Turn   | Place    | Note
-------+----------+-------------------------------------------
     0 | D:1      | sanka the Draconian Monk began the quest for the Orb.
     0 | D:1      | Reached XP level 1. HP: 19/19 MP: 1/1
   195 | D:1      | Reached XP level 2. HP: 26/26 MP: 2/2
   429 | D:1      | Found a faded altar of an unknown god.
   660 | D:1      | Reached skill level 4 in Fighting
  1150 | D:2      | Noticed Robin
  1184 | D:2      | Reached XP level 3. HP: 32/33 MP: 3/3
  1195 | D:2      | Killed Robin
  1222 | D:2      | Reached skill level 4 in Unarmed Combat
  1480 | D:2      | Noticed Jessica
  1489 | D:2      | HP: 1/32 [Jessica/+4 dagger of venom (10)]
  1490 | D:2      | Succumbed to Jessica's poison

Vanquished Creatures
  Robin (D:2)
  An adder (D:2)
  6 ball pythons
  5 endoplasms
  2 giant cockroaches (D:1)
  4 hobgoblins
  4 kobolds
  4 bats
  5 frilled lizards
  6 goblins
  A rat (D:1)
39 creatures vanquished.
